 Dungeon Crawl Stone Soup version 0.19-a0-559-ga3d69d0 (webtiles) character file.

38 tyrsky the Gusty (level 3, 0/26 HPs)
             Began as a Draconian Air Elementalist on June 8, 2016.
             Succumbed to an adder's poison
             ... on level 2 of the Dungeon.
             The game lasted 00:04:20 (831 turns).

tyrsky the Gusty (Draconian Air Elementalist)        Turns: 831, Time: 00:04:21

Health: 0/26       AC:  6    Str: 10    XL:     3   Next: 25%
Magic:  0/6        EV: 12    Int: 16    God:
Gold:   47         SH:  0    Dex: 11    Spells: 2 memorised, 3 levels left

rFire  . . .     SeeInvis .     j - +0 whip
rCold  . . .     Gourm    .     (armour unavailable)
rNeg   + . .     Faith    .     (no shield)
rPois  +         Spirit   .     (helmet restricted)
rElec  .         Dismiss  .     (no cloak)
rCorr  .         Reflect  .     g - +0 pair of gloves
SustAt .         Harm     .     (no boots)
MR     .....                    (no amulet)
Stlth  ++........               h - ring of positive energy
                                i - ring of poison resistance

@: lethally poisoned (0 -> -5), repel missiles, not resistant to hostile
enchantments, unstealthy
A: unfitting armour, cold-blooded, AC +5
a: no special abilities


You were on level 2 of the Dungeon.
You were hungry.

You visited 1 branch of the dungeon, and saw 2 of its levels.

You collected 47 gold pieces.

Inventory:

Hand Weapons
 j - a +0 whip (weapon)
Armour
 g - a +0 pair of gloves (worn)
Jewellery
 h - a ring of positive energy (right hand)
 i - a ring of poison resistance (left hand)
Scrolls
 d - 3 scrolls of teleportation {unknown}
 e - 2 scrolls of identify {unknown}
 f - a scroll of fog {unknown}
Books
 a - a book of Air

   Spells                             Type                      Level
   a - Shock                          Conjuration/Air              1
   b - Swiftness                      Charms/Air                   2
   c - Repel Missiles                 Charms/Air                   2
   d - Static Discharge               Conjuration/Air              3
   e - Lightning Bolt                 Conjuration/Air              5
Comestibles
 b - 2 bread rations
 c - 3 meat rations
 k - a beef jerky


   Skills:
 - Level 1.7 Dodging
 - Level 1.7 Stealth
 + Level 2.2 Spellcasting
 + Level 2.3 Conjurations
 + Level 3.5 Air Magic


You had 3 spell levels left.
You knew the following spells:

 Your Spells              Type           Power        Failure   Level  Hunger
a - Shock                 Conj/Air       ##..         10%         1    #......
b - Repel Missiles        Chrm/Air       #.....       17%         2    ###....


Dungeon Overview and Level Annotations

Branches:
Dungeon (2/15)

Altars:
Elyvilon


Innate Abilities, Weirdness & Mutations

Your plain brown scales are hard. (AC +5)
Your body does not fit into most forms of armour.
You are cold-blooded and may be slowed by cold attacks.


Message History

Casting: Shock
Confirm with . or Enter, or press ? or * to list all spells.
You don't have enough magic to cast that spell.
Casting: Shock
Confirm with . or Enter, or press ? or * to list all spells.
You don't have enough magic to cast that spell.
* * * LOW HITPOINT WARNING * * *
You feel sick.
Casting: Shock
Confirm with . or Enter, or press ? or * to list all spells.
Aiming: Shock
Press: ? - help, Shift-Dir - straight line, f/p - adder
Aim: an adder (heavily wounded)
The zap hits the adder.
The adder is almost dead.
The adder bites you.
* * * LOW HITPOINT WARNING * * *
You hit the adder.
You kill the adder!
You die...

########## ####### ###.......(##
#.....#
......###...##########.....###
......#≈≈...≈≈#.d....'.......##
....#.#≈..♣.(≈#(######.....#..###
....#.......r...######..<........
........♣._.♣.(.+....K...†K†...†.
.....r.........K#....########S.##
.######≈..♣..≈#.#)...##.........#
.#....#≈≈...≈≈#..#######.#####..#
.....####...###..# ....
.......###)##....# .....


You could see a kobold.

Vanquished Creatures
  2 adders (D:2)
  A dart slug (D:1)
  2 bats (D:1)
  A goblin (D:2)
  2 hobgoblins (D:1)
  4 jackals (D:2)
  3 kobolds (D:1)
  2 rats (D:1)
17 creatures vanquished.

Notes
Turn   | Place    | Note
--------------------------------------------------------------
     0 | D:1      | tyrsky the Draconian Air Elementalist began the quest for the Orb.
     0 | D:1      | Reached XP level 1. HP: 14/14 MP: 3/3
   246 | D:1      | Reached XP level 2. HP: 15/20 MP: 1/5
   252 | D:1      | Learned a level 2 spell: Repel Missiles
   459 | D:2      | Found a white marble altar of Elyvilon.
   785 | D:2      | Reached XP level 3. HP: 21/26 MP: 0/6
   830 | D:2      | HP: 1/26 [adder (3)]
   831 | D:2      | Succumbed to an adder's poison

Vault maps used:
D:1:      evilmike_arrival_crescent
D:2:      marbit_many_paths, elyvilon_altar_4, st_stairs_3, nemelex_altar_shiori

Skill      XL: |  1  2 |
---------------+-------+-----
Conjurations   | 2 |  2.3
Dodging        | |  1.7
Stealth        | |  1.7
Spellcasting   | |  2.2
Air Magic      | |  3.5

Action                   || total
-------------------------++-------
Melee: Unarmed           ||     7
       Tailslap          ||     3
       Whip              ||    15
 Cast: Shock             ||    42
       Repel Missiles    ||     2
  Use: Potion            ||     1
Armor: Skin              ||    11
Dodge: Dodged            ||    28
       Deflected         ||     2
